 Dungeon Crawl Stone Soup version 0.22.1-1-ga44c0e56f4 (webtiles) character file.

768 Morbidden the Conjurer (level 7, -3/78 HPs)
             Began as a Grey Draconian Conjurer on Oct 26, 2018.
             Was a Follower of Cheibriados.
             Shot with an arrow by a centaur (4 damage)
             ... on level 7 of the Dungeon.
             The game lasted 00:17:35 (6044 turns).

Morbidden the Conjurer (Grey Draconian Conjurer)    Turns: 6044, Time: 00:17:36

Health: -3/78      AC: 12    Str: 19    XL:     7   Next: 52%
Magic:  16/21      EV: 13    Int: 17    God:    Cheibriados [*.....]
Gold:   203        SH:  0    Dex: 14    Spells: 10/13 levels left

rFire    + . .     SeeInvis .     - Unarmed
rCold    + . .     Gourm    .   (no shield)
rNeg     . . .     Faith    .   (armour unavailable)
rPois    +         Spirit   .   l - +0 hat
rElec    +         Reflect  .   u - +0 cloak
rCorr    +         Harm     .   (no gloves)
MR       .....                  (no boots)
Stlth    ..........             (no amulet)
HPRegen  0.23/turn              n - ring of magical power
MPRegen  0.17/turn              (no ring)

@: berserking, resistant, very slow
A: walk through water, unfitting armour, unbreathing, cold-blooded, AC +11
a: Bend Time, Renounce Religion


You were on level 7 of the Dungeon.
You worshipped Cheibriados.
Cheibriados was aware of your devotion.
You were not hungry.

You visited 2 branches of the dungeon, and saw 8 of its levels.

You collected 203 gold pieces.

Inventory:

Hand Weapons
 A - a +0 fustibalus
Missiles
 d - 13 javelins (quivered)
 e - 102 arrows
 C - 29 sling bullets
Armour
 l - a +0 hat (worn)
 u - a +0 cloak (worn)
Jewellery
 n - a ring of magical power (left hand)
 B - an uncursed amulet of regeneration {unknown}
Wands
 s - a wand of paralysis (9)
Scrolls
 c - a scroll of enchant weapon {unknown}
 f - 9 scrolls of identify {unknown}
 j - a scroll of enchant armour {unknown}
 m - 2 scrolls of blinking {unknown}
 o - 3 scrolls of teleportation {unknown}
 q - 2 scrolls of fear {unknown}
 y - a scroll of random uselessness {unknown}
 z - a scroll of remove curse {unknown}
 D - a scroll of torment {unknown}
 E - a scroll of noise {unknown}
Potions
 a - 2 potions of might
 g - 2 potions of resistance
 h - 2 potions of flight
 i - a potion of mutation {unknown}
 k - 2 potions of agility {unknown}
 p - 2 potions of berserk rage
 r - a potion of haste {unknown}
 t - a potion of cancellation {unknown}
 v - a potion of magic {unknown}
 w - 2 potions of degeneration {unknown}
 x - 3 potions of curing
Comestibles
 b - 5 rations


   Skills:
 + Level 1.1 Fighting
 + Level 0.2 Throwing
 + Level 3.3 Dodging
 - Level 2.0 Stealth
 + Level 1.9 Unarmed Combat
 - Level 3.7 Spellcasting
 * Level 7.4 Conjurations


You had 10 spell levels left.
You knew the following spells:

 Your Spells              Type           Power        Failure   Level  Hunger
a - Magic Dart            Conj           ####         1%          1    None
b - Searing Ray           Conj           ####..       1%          2    ##.....

Your spell library contained the following spells:

 Spells                   Type           Power        Failure   Level  Hunger
 Iskenderun's Mystic Bla  Conj           ####....     8%          4    ####...
 Conjure Flame            Conj/Fire      ###.....     11%         3    ###....
 Dazzling Spray           Conj/Hex       ###...       11%         3    ###....
 Mephitic Cloud           Conj/Pois/Air  ##......     17%         3    ###....
 Blink                    Tloc           N/A          24%         2    ##.....
 Call Imp                 Summ           #.......     24%         2    ##.....
 Slow                     Hex            #.......     24%         2    ##.....
 Force Lance              Conj/Tloc      ###.....     34%         4    ####...
 Fulminant Prism          Conj/Hex       ###.......   34%         4    ####...


Dungeon Overview and Level Annotations

Branches:
Dungeon (7/15)             Temple (1/1) D:5

Altars:
Ashenzari
Cheibriados
Elyvilon
Fedhas
Gozag
Hepliaklqana
Kikubaaqudgha
Makhleb
Nemelex Xobeh
Okawaru
Qazlal
Ru
Sif Muna
Uskayaw
Vehumet
Wu Jian
Xom
Yredelemnul
Zin
The Shining One

Annotations:
D:5 1 runed door, topfpfpflanze's ghost, amateur OpSk


Innate Abilities, Weirdness & Mutations

You can walk through water.
Your dull iron-grey scales are very hard. (AC +11)
You cannot fit into any form of body armour.
You can survive without breathing.
You are cold-blooded and may be slowed by cold attacks.


Message History

* * * LOW HITPOINT WARNING * * *
Unknown command.
Unknown command.
Okay, then.
It was a potion of resistance.
You feel protected.
The centaur shoots an arrow.
The arrow hits you.
* * * LOW HITPOINT WARNING * * *
Unknown command.
Okay, then.
It was a potion of berserk rage.
A red film seems to cover your vision as you go berserk!
Cheibriados protects you from inadvertent hurry.
You feel mighty!
The centaur shoots an arrow.
The arrow hits you but does no damage.
Unknown command.
You feel a strong urge to attack something.
The centaur shoots an arrow.
The arrow barely misses you.
The centaur shoots an arrow.
The arrow hits you.
You die...

.## ##... ...#
#.(# #..# #..#
#..###########
#..(.......).#
##@#.#####.#.#
#.#.# #.#.#
.c..# #.#.####
...###
#.#....# ..###
###.####.##
...
..........#
§§..
########..#
§§§. #..# #..#


You could see a centaur.

Vanquished Creatures
  3 ogres
  A water moccasin zombie (D:5)
  A scorpion (D:6)
  A jelly (D:5)
  2 centaur skeletons
  An iguana (D:7)
  2 orc wizards
  A worker ant (D:5)
  Robin (D:4)
  9 adders
  A shadow imp (D:6)
  2 worms
  A dart slug (D:1)
  5 leopard geckos
  5 orcs
  10 bats
  6 giant cockroaches
  17 goblins
  8 hobgoblins
  10 jackals
  3 quokkas
  5 frilled lizards
  9 kobolds
  A quokka zombie (D:5)
  4 rats
109 creatures vanquished.

Notes
Turn   | Place    | Note
-------+----------+-------------------------------------------
     0 | D:1      | Morbidden the Draconian Conjurer began the quest for the
                  | Orb.
     0 | D:1      | Reached XP level 1. HP: 14/14 MP: 3/3
   401 | D:1      | Reached XP level 2. HP: 20/20 MP: 0/5
   935 | D:2      | Reached XP level 3. HP: 26/26 MP: 1/6
  1359 | D:2      | Reached skill level 1 in Unarmed Combat
  1404 | D:2      | Learned a level 2 spell: Searing Ray
  1696 | D:2      | Reached XP level 4. HP: 33/33 MP: 5/7
  1958 | D:3      | Found a sparkling altar of Nemelex Xobeh.
  1958 | D:3      | Found a hazy altar of Hepliaklqana.
  1959 | D:3      | Found a shimmering altar of Xom.
  1960 | D:3      | Found a deep blue altar of Sif Muna.
  1960 | D:3      | Found a shattered altar of Ashenzari.
  1960 | D:3      | Found a blossoming altar of Fedhas.
  2370 | D:3      | Found a glowing golden altar of the Shining One.
  2616 | D:4      | Reached skill level 5 in Conjurations
  2844 | D:4      | Noticed Robin
  2870 | D:4      | Reached XP level 5. HP: 31/38 MP: 9/9
  2951 | D:4      | Killed Robin
  3527 | D:5      | Entered Level 5 of the Dungeon
  3556 | D:5      | Found a runed door.
  3580 | D:5      | Noticed an ogre
  3588 | D:5      | Killed an ogre
  3682 | D:5      | Reached XP level 6. HP: 37/46 MP: 0/11
  4130 | D:5      | Found a staircase to the Ecumenical Temple.
  4205 | D:5      | Reached skill level 1 in Fighting
  4205 | D:5      | Reached skill level 6 in Conjurations
  4344 | Temple   | Entered the Ecumenical Temple
  4546 | Temple   | Became a worshipper of Cheibriados the Contemplative
  4768 | D:5      | Noticed topfpfpflanze's ghost (amateur OpSk)
  4994 | D:6      | Your scales start taking on a dull iron-grey colour.
  4994 | D:6      | Reached XP level 7. HP: 39/52 MP: 8/12
  4994 | D:6      | Gained mutation: You can survive without breathing. [Grey
                  | Draconian growth]
  5277 | D:6      | Reached skill level 7 in Conjurations
  5834 | D:7      | Reached * piety under Cheibriados
  6042 | D:7      | HP: 1/52 [centaur/arrow (5)]
  6044 | D:7      | Shot with an arrow by a centaur

Skill      XL: |  1  2  3  4  5  6  7 |
---------------+----------------------+-----
Dodging        | 2 3 |  3.3
Unarmed Combat | 1 |  1.9
Stealth        | 2 |  2.0
Conjurations   | 5 6 7 |  7.4
Spellcasting   | 3 |  3.7
Fighting       | 1 |  1.1
Throwing       | |  0.2

Action                   |  1- 3 |  4- 6 |  7- 9 || total
-------------------------+-------+-------+-------++-------
Melee: Unarmed           |    60 |    37 |     1 ||    98
       Tailslap          |     4 |     4 |       ||     8
Throw: Javelin           |       |     2 |       ||     2
 Cast: Magic Dart        |    74 |    61 |    32 ||   167
       Searing Ray       |    11 |    81 |    21 ||   113
  Use: Potion            |       |     3 |     2 ||     5
 Stab: Sleeping          |     1 |       |       ||     1
  Eat: Chunk             |     3 |    14 |     1 ||    18
       Ration            |       |     1 |     1 ||     2
Armor: Skin              |    33 |    31 |     6 ||    70
Dodge: Dodged            |    55 |    70 |    13 ||   138
